 Dungeon Crawl Stone Soup version 0.30-a0-760-g5a9884bb7c (webtiles) character file.

Game seed: 13801953839742520527

36 Leeroy the Slasher (level 3, -3/18 HPs)
             Began as a Vine Stalker Warper on Feb 11, 2023.
             Slain by an ogre
             ... wielding a +0 giant club
              (21 damage)
             ... on level 2 of the Dungeon.
             The game lasted 00:01:54 (1075 turns).

Leeroy the Slasher (Vine Stalker Warper)            Turns: 1075, Time: 00:01:55

Health: -3/18      AC:  4    Str: 13    XL:     3   Next: 37%
Magic:  0/7        EV: 11    Int: 13    God:
Gold:   156        SH:  0    Dex: 15    Spells: 6/6 levels left

rFire   . . .      SeeInvis .    k - +1 dagger (venom)
rCold   . . .      Faith    .    (no shield)
rNeg    . . .      Spirit   +    b - +0 leather armour
rPois   .          Reflect  .    (no helmet)
rElec   .          Harm     .    (no cloak)
rCorr   .          Rampage  .    (no gloves)
Will    .....                    l - +0 pair of boots
Stlth   +                        (no amulet)
HPRegen 0.23/turn                (no ring)
MPRegen 0.10/turn                (no ring)

@: no status effects
A: fangs 2, magic shield, antimagic bite, no potion heal 2
a: no special abilities


You were on level 2 of the Dungeon.
You visited 1 branch of the dungeon, and saw 2 of its levels.

You collected 156 gold pieces.

Inventory:

Hand Weapons
 a - a +0 falchion
 k - a +1 dagger of venom (weapon)
 q - the +6 morningstar "Cofum" {heavy, Int+4}
   (You found it on level 2 of the Dungeon)

   Int:       It affects your intelligence (+4).
Missiles
 d - 6 boomerangs of dispersal
 j - 4 boomerangs (quivered)
Armour
 b - a +0 leather armour (worn)
 l - a +0 pair of boots (worn)
Scrolls
 c - a scroll of blinking
 e - 2 scrolls of magic mapping {unknown}
 f - 2 scrolls of teleportation {unknown}
 g - 2 scrolls of enchant armour {unknown}
 m - a scroll of immolation {unknown}
 n - a scroll of enchant weapon {unknown}
Potions
 h - 5 potions of curing {unknown}
 i - a potion of mutation {unknown}
 o - a potion of berserk rage {unknown}
 p - a potion of resistance {unknown}


   Skills:
 - Level 1.7 Fighting
 + Level 3.3 Long Blades
 - Level 0.8 Throwing
 - Level 0.7 Armour
 - Level 1.5 Dodging
 - Level 2.1 Spellcasting
 - Level 3.0 Translocations


You had 6 spell levels left.
You didn't know any spells.
Your spell library contained the following spells:

 Spells                   Type           Power      Damage    Failure   Level
 Blink                    Tloc           18%        N/A       14%         2
 Lesser Beckoning         Tloc           18%        N/A       14%         2
 Teleport Other           Tloc           9%         N/A       28%         3
 Vhi's Electric Charge    Tloc/Air       10%        N/A       45%         3
 Manifold Assault         Tloc           9%         N/A       67%         4


Dungeon Overview and Level Annotations

Branches:
Dungeon (2/15)

Altars:


Innate Abilities, Weirdness & Mutations

You have extremely sharp teeth.
When hurt, damage is shared between your health and your magic reserves.
Your bite disrupts and absorbs the magic of your enemies.
Potions cannot restore your health.


Message History

No target in view!
No target in view!
No target in view!
No target in view!
q - the +6 morningstar "Cofum" {heavy, Int+4}
Things that are here:
a +0 dagger; a +0 sling; a goblin corpse An ogre comes into view.
It is wielding a +0 giant club.
The ogre shouts!
An ogre is nearby!
An ogre is nearby!
You aren't carrying any items that you can evoke.
Unknown command.
Things that are here:
a +0 dagger; a +0 sling; a goblin corpse Throw: 7 boomerangs (disperse)
Press: ? - help, Q - select action, (/) - cycle Shift-Dir - straight line, f - ogre
Aim: an ogre, wielding a +0 giant club (73% to hit)
You throw a boomerang of dispersal.
The boomerang of dispersal hits the ogre!
The ogre blinks!
The ogre is moderately wounded.
Throw: 4 boomerangs
Press: ? - help, Q - select action, (/) - cycle Shift-Dir - straight line, f/p - ogre
Aim: an ogre, wielding a +0 giant club (moderately wounded, 73% to hit)
You throw a boomerang. The boomerang hits the ogre.
The ogre is moderately wounded.
Throw: 4 boomerangs
Press: ? - help, Q - select action, (/) - cycle Shift-Dir - straight line, f/p - ogre
Aim: an ogre, wielding a +0 giant club (moderately wounded, 73% to hit)
You throw a boomerang. The boomerang barely misses the ogre.
Throw: 4 boomerangs
Press: ? - help, Q - select action, (/) - cycle Shift-Dir - straight line, f/p - ogre
Aim: an ogre, wielding a +0 giant club (moderately wounded, 73% to hit)
You throw a boomerang. The boomerang closely misses the ogre.
You barely miss the ogre.
The ogre is moderately wounded.
The ogre hits you with a +0 giant club!!
Ouch! That really hurt!
You die...

######### ###
######### #.......# ..
........####.#####.##
.# .# #..#...#####..#
#.# ..
##.......O@##.###..#
#.##
#..#######†.....#.####
#..####.##
#####.......#
##......# ###.....#
.....#### ###.#####
.[...### #...#
.##....## ##)###
........# ##..#
####.#..# #..##


You could see an ogre.

Vanquished Creatures
  A worm (D:2)
  2 dart slugs (D:2)
  2 ball pythons
  4 endoplasms
  4 goblins
  4 hobgoblins (D:1)
  2 jackals (D:1)
  2 kobolds
  A quokka (D:1)
  A rat (D:1)
23 creatures vanquished.

Vanquished Creatures (others)
  4 toadstools (D:1)
4 creatures vanquished.

Grand Total: 27 creatures vanquished

Notes
Turn   | Place    | Note
-------+----------+-------------------------------------------
     0 | D:1      | Leeroy the Vine Stalker Warper began the quest for the Orb.
     0 | D:1      | Reached XP level 1. HP: 11/11 MP: 4/4
   189 | D:1      | Reached XP level 2. HP: 10/15 MP: 4/6
   890 | D:2      | Reached XP level 3. HP: 13/18 MP: 7/7
  1002 | D:2      | Identified the +6 morningstar "Cofum" {heavy, Int+4}
  1061 | D:2      | Noticed an ogre
  1075 | D:2      | Slain by an ogre

Illustrated notes

Levels and vault maps discovered:
D:1:      evilmike_arrival_grusome_pit, layout_rooms, minmay_gold_behind_fungi
D:2:      layout_rooms, basic_altar

Skill      XL: |  1  2 |
---------------+-------+-----
Long Blades    | 2 3 |  3.3
Fighting       | |  1.7
Throwing       | |  0.8
Armour         | |  0.7
Dodging        | |  1.5
Spellcasting   | |  2.1
Translocations | |  3.0

Action                     || total
---------------------------++-------
  Melee: Falchion          ||    31
         Bite              ||    18
         Dagger            ||    46
         Punch             ||     1
  Throw: Boomerang         ||     4
 Armour: Leather armour    ||    16
  Dodge: Dodged            ||    33

Table legend: (Time is in decaauts)
 A = Elapsed time spent in this place.
 B = Non-inter-level travel time spent in this place.
 C = Inter-level travel time spent in this place.
 D = Time resting spent in this place.
 E = Time spent auto-exploring this place.
 F = Levels seen in this place.
 G = Mean time per level.
                   A        B        C        D        E       F      G
               +--------+--------+--------+--------+--------+-----+--------+
         Total |   1077 |   1014 |     63 |      0 |    819 |   2 |  538.5 |
       Dungeon |   1077 |   1014 |     63 |      0 |    819 |   2 |  538.5 |
               +--------+--------+--------+--------+--------+-----+--------+

Top non-repeatable levels by time:
     D:1: 806 daAuts
     D:2: 271 daAuts
